[Event "Titled Tuesday Blitz November 08 Early 2022"]
[White "Vaibhav Jayant Raut"]
[Black "Shuvalov, Evgenij"]
[WhiteFideId "5089034"]
[BlackFideId "4187237"]
[WhiteElo "2147"]
[BlackElo "2049"]
[Result "1-0"]
[Round "03"]
[TimeControl "180+1"]
[Date "2022.11.09"]
[WhiteClock "0:00:06"]
[BlackClock "0:00:14"]

1. d4 Nf6 2. Bf4 d5 3. e3 c5 4. Nf3 e6 5. Nbd2 Nc6 6. Bb5 Bd6 7. Bxd6 Qxd6 8. c3 O-O 9. O-O Bd7 10. Qa4 Nb8 11. Rfd1 a6 12. Bxd7 Nbxd7 13. c4 Qc6 14. Qxc6 bxc6 15. Rac1 Rfc8 16. Nb3 Ne4 17. Na5 Kf8 18. Nd2 Nxd2 19. Rxd2 Ke7 20. Rdc2 cxd4 21. cxd5 d3 22. Rxc6 d2 23. Rd1 exd5 24. Rxd2 Rxc6 25. Nxc6+ Kd6 26. Nb4 Nf6 27. Kf1 a5 28. Nxd5 Nxd5 29. e4 a4 30. Rxd5+ Ke6 31. Ke2 Rb8 32. Rd2 Rb4 33. Ke3 g5 34. Rd4 Rxb2 35. Rxa4 f6 36. Ra6+ Ke5 37. Ra5+ Ke6 38. a4 Ra2 39. Ra6+ Ke5 40. Ra5+ Ke6 41. g3 g4 42. Ra8 Ke5 43. Re8+ Kd6 44. Rg8 h5 45. Rh8 Ra3+ 46. Ke2 Ra2+ 47. Kf1 Rxa4 48. Rxh5 Rxe4 49. Rh6 Ke7 50. Kg2 Kf7 51. Rh7+ Kg6 52. Ra7 Rc4 53. Ra5 Rb4 54. Rd5 Rb2 55. Rd4 Kg5 56. Rf4 f5 57. Rd4 Ra2 58. Rd8 Rb2 59. Rg8+ Kf6 60. Rf8+ Kg5 61. Rd8 Ra2 62. Rd4 Rb2 63. Rf4 Ra2 64. h4+ gxh3+ 65. Kxh3 Rb2 66. Kg2 Ra2 67. Rc4 Rb2 68. Ra4 Rc2 69. Ra1 Rb2 70. Rf1 Rc2 71. Kf3 Rc3+ 72. Ke2 Rc2+ 73. Kd3 Ra2 74. Ke3 Ra3+ 75. Kd4 Ra4+ 76. Kd3 Ra3+ 77. Kd2 Ra2+ 78. Ke3 Ra3+ 79. Ke2 Ra2+ 80. Kf3 Ra3+ 81. Kg2 Ra2 82. Rb1 Rc2 83. Rb8 Ra2 84. Rg8+ Kf6 85. Rf8+ Kg5 86. Re8 Rb2 87. Kf3 Rb3+ 88. Re3 Rb2 89. Rc3 Ra2 90. Ke3 Rb2 91. Ra3 Rc2 92. Kf3 Rb2 93. Ra5 Rb3+ 94. Kg2 Rb2 95. Kg1 Rb1+ 96. Kh2 Rb2 97. Kg2 Rc2 98. Ra3 Rb2 99. Re3 Ra2 100. Re1 Rb2 101. Rf1 Ra2 102. Kh3 1-0


[Site "https://www.chess.com"]

[Event "Titled Tuesday Blitz November 08 Early 2022"]
[White "Vakhania, Alexandra"]
[Black "Kohler, Aran"]
[WhiteFideId "13602560"]
[BlackFideId "1002856"]
[WhiteElo "2053"]
[BlackElo "2362"]
[Result "1/2-1/2"]
[Round "03"]
[TimeControl "180+1"]
[Date "2022.11.09"]
[WhiteClock "0:00:11"]
[BlackClock "0:00:29"]

1. d4 Nf6 2. Nf3 d5 3. Bg5 Ne4 4. Bf4 Bf5 5. Nbd2 e6 6. e3 Bd6 7. Bd3 Nxd2 8. Qxd2 Bxd3 9. Qxd3 Bxf4 10. exf4 Nc6 11. c3 O-O 12. O-O Qf6 13. g3 a6 14. Ne5 Nxe5 15. fxe5 Qe7 16. f4 c5 17. a3 Rac8 18. Rad1 cxd4 19. Qxd4 Rc4 20. Qf2 g6 21. Rd4 Rfc8 22. Rfd1 Qc5 23. Rxc4 Qxf2+ 24. Kxf2 Rxc4 25. Rd4 Rxd4 26. cxd4 f6 27. Ke3 fxe5 28. fxe5 g5 29. g4 Kf7 30. Kd3 Ke7 31. Kc3 Kd7 32. Kb4 b6 33. a4 Kc6 34. a5 Kb7 35. axb6 Kxb6 36. Ka4 a5 37. b4 axb4 38. Kxb4 h6 39. h3 Kc6 40. Ka5 Kc7 41. Kb5 Kb7 42. Kc5 Kc7 43. Kb5 Kb7 44. Kc5 Kc7 45. Kb5 1/2-1/2


[Site "https://www.chess.com"]

[Event "Titled Tuesday Blitz November 08 Early 2022"]
[White "Valle Maytin, Luis Enrique"]
[Black "Goh, Zi Han"]
[WhiteFideId "3503666"]
[BlackFideId "5819156"]
[WhiteElo "2225"]
[BlackElo "2026"]
[Result "0-1"]
[Round "03"]
[TimeControl "180+1"]
[Date "2022.11.09"]
[WhiteClock "0:00:02"]
[BlackClock "0:00:09"]

1. e4 g6 2. d4 Bg7 3. f4 d6 4. Nf3 Nf6 5. Bd3 O-O 6. O-O Nbd7 7. c3 e5 8. dxe5 dxe5 9. Qc2 Re8 10. Rd1 Qe7 11. Re1 b6 12. Nbd2 Bb7 13. Nc4 exf4 14. e5 Nd5 15. b4 a5 16. b5 Nc5 17. Ba3 Qd7 18. Nd4 Nxd3 19. Qxd3 Qg4 20. Re2 Ne3 21. Nxe3 fxe3 22. Qxe3 Rxe5 23. Qg3 Qxg3 24. hxg3 Rxe2 25. Nxe2 Re8 26. Kf2 Bd5 27. Rc1 Bc4 28. Nd4 Bh6 29. Rc2 Be3+ 30. Kf3 Bd5+ 31. Kg4 h5+ 32. Kh3 Bh6 33. Re2 Rxe2 34. Nxe2 Bc4 35. Nd4 Bg7 36. g4 hxg4+ 37. Kxg4 Bxa2 0-1


[Site "https://www.chess.com"]

[Event "Titled Tuesday Blitz November 08 Early 2022"]
[White "Volkov, Maksim"]
[Black "Mazurkiewicz, Michal"]
[WhiteFideId "54123070"]
[BlackFideId "1124943"]
[WhiteElo "2257"]
[BlackElo "2063"]
[Result "0-1"]
[Round "03"]
[TimeControl "180+1"]
[Date "2022.11.09"]
[WhiteClock "0:01:59"]
[BlackClock "0:02:45"]

1. d4 Nf6 2. c4 e5 3. dxe5 Ng4 4. e3 Nxe5 5. Nh3 d5 6. cxd5 Bxh3 7. gxh3 Bd6 8. Nc3 Nbd7 9. b3 Qh4 10. Bb2 O-O 11. Rg1 g6 12. a3 f5 13. Ne2 Nf3# 0-1


[Site "https://www.chess.com"]

[Event "Titled Tuesday Blitz November 08 Early 2022"]
[White "Wieczorek, Oskar"]
[Black "Donchenko, Alexander"]
[WhiteFideId "1133950"]
[BlackFideId "24603295"]
[WhiteElo "2404"]
[BlackElo "2572"]
[Result "1-0"]
[Round "03"]
[TimeControl "180+1"]
[Date "2022.11.08"]
[WhiteClock "0:00:13"]
[BlackClock "0:00:25"]

1. e4 c6 2. d4 d5 3. Nd2 dxe4 4. Nxe4 Nf6 5. Nxf6+ exf6 6. Be2 Bd6 7. Bf3 O-O 8. Ne2 Re8 9. O-O Bf5 10. c4 Nd7 11. Nc3 Nf8 12. c5 Bc7 13. d5 cxd5 14. Bxd5 Rc8 15. Qb3 Be6 16. Be3 Be5 17. Rfd1 Qc7 18. h3 Bxd5 19. Nxd5 Qc6 20. Rac1 Ne6 21. Qc4 f5 22. b4 a6 23. f4 Bc7 24. Rd3 h5 25. Rcd1 Bd8 26. Bf2 Qa4 27. Qb3 Qxb3 28. Rxb3 Bc7 29. Rf3 Rcd8 30. g3 h4 31. Rfd3 hxg3 32. Bxg3 Bb8 33. Kg2 Kf8 34. Kf3 Rd7 35. Nb6 Rde7 36. Bh4 f6 37. Rd7 Bxf4 38. Rxe7 Rxe7 39. Nd5 Rd7 40. Nxf4 Rxd1 41. Nxe6+ Kf7 42. Nc7 Rd3+ 43. Ke2 Rxh3 44. Bf2 Ra3 45. Na8 Rxa2+ 46. Kf3 Ra3+ 47. Ke2 g5 48. Nb6 f4 49. Nd5 Ke6 50. Nc7+ Kf5 51. b5 axb5 52. Nxb5 Ra2+ 53. Kf1 Rb2 54. Nc3 g4 55. Nd5 g3 56. Bd4 f3 57. Bxb2 Ke4 58. Nxf6+ Kd3 59. Nh5 g2+ 60. Kf2 Kc4 61. Ba3 Kb5 62. Nf4 b6 63. cxb6 Kxb6 64. Nh3 Kb5 65. Ng1 Kc4 66. Bc1 Kd3 67. Be3 Ke4 68. Nxf3 g1=Q+ 69. Nxg1 Kd3 70. Kf3 Kc4 71. Ke4 Kb5 72. Kd5 Kb4 73. Ne2 Kb3 74. Kc5 Kc2 75. Kc4 Kd1 76. Nf4 Ke1 77. Kd3 Kf1 78. Nh3 Kg2 79. Nf2 Kf3 80. Kd4 Ke2 81. Ke4 Kf1 82. Kf3 Kg1 83. Bf4 Kf1 84. Bh2 Ke1 85. Ne4 Kd1 86. Ke3 Kc2 87. Nd2 Kc3 88. Bd6 Kc2 89. Be5 Kd1 90. Kd3 Ke1 91. Bg3+ Kd1 92. Nc4 Kc1 93. Bf2 Kd1 94. Nb2+ Kc1 95. Kc3 Kb1 96. Kb3 Kc1 97. Be3+ Kb1 98. Nc4 Ka1 99. Bf4 Kb1 100. Na3+ Ka1 101. Be5# 1-0


[Site "https://www.chess.com"]

[Event "Titled Tuesday Blitz November 08 Early 2022"]
[White "Wiegmann, Sascha"]
[Black "Zhao, Erick"]
[WhiteFideId "4682041"]
[BlackFideId "30946930"]
[WhiteElo "2307"]
[BlackElo "2584"]
[Result "1/2-1/2"]
[Round "03"]
[TimeControl "180+1"]
[Date "2022.11.09"]
[WhiteClock "0:00:18"]
[BlackClock "0:02:45"]

1. Nf3 Nf6 2. g3 g6 3. Bg2 Bg7 4. O-O O-O 5. d3 d5 6. Nbd2 c5 7. e4 d4 8. e5 Nfd7 9. Re1 Nc6 10. e6 fxe6 11. Rxe6 Nde5 12. Nxe5 Nxe5 13. Rxe5 Bxe5 14. Nc4 Bg7 15. Bf4 Be6 16. Qe2 Bxc4 17. dxc4 e5 18. Bd2 Qd7 19. Qe4 Kh8 20. b3 Rab8 21. Re1 b5 22. cxb5 Qxb5 23. Qd5 Rbd8 24. Qc6 Qxc6 25. Bxc6 d3 26. c4 h5 27. Be4 Kh7 28. Kg2 Bh6 29. Rd1 Bxd2 30. Rxd2 Rd4 31. f3 Rfd8 32. Kf2 Kg7 33. Ke3 Kf6 34. h4 R4d6 35. Rxd3 Rxd3+ 36. Bxd3 Rd4 37. Be4 a5 38. Bd3 Rd6 39. Ke4 Rd4+ 40. Ke3 Kf7 41. Ke2 Kf6 42. Ke3 1/2-1/2


[Site "https://www.chess.com"]

[Event "Titled Tuesday Blitz November 08 Early 2022"]
[White "Wirig, Anthony"]
[Black "Gulevich, Artem"]
[WhiteFideId "615013"]
[BlackFideId "24119580"]
[WhiteElo "2487"]
[BlackElo "2218"]
[Result "0-1"]
[Round "03"]
[TimeControl "180+1"]
[Date "2022.11.09"]
[WhiteClock "0:00:08"]
[BlackClock "0:00:15"]

1. d4 d5 2. Nf3 Nf6 3. c4 c6 4. Qc2 e6 5. Nbd2 Nbd7 6. g3 Be7 7. Bg2 b6 8. O-O Bb7 9. e4 O-O 10. e5 Ne8 11. Re1 Nc7 12. h4 c5 13. dxc5 Nxc5 14. Nb3 Rc8 15. Ng5 g6 16. Nxc5 Bxc5 17. Nh3 Ba8 18. Bh6 Re8 19. Rad1 Qe7 20. Bg5 Qf8 21. Bf6 Be7 22. Qa4 a6 23. h5 dxc4 24. Bxa8 b5 25. Qc2 Rxa8 26. Nf4 Bxf6 27. exf6 Nd5 28. Nxd5 exd5 29. Qd2 gxh5 30. Qg5+ Kh8 31. Rxe8 Rxe8 32. Rxd5 Qg8 33. Qxh5 Qg6 34. Qh4 h6 35. Kh2 Re6 36. Rd8+ Kh7 37. Qd4 Qxf6 38. Qd2 Re2 39. Qxe2 Qxd8 40. Qe4+ Kg7 41. Qg4+ Qg5 42. Qd4+ Qf6 43. Qd2 Qg5 44. Qd4+ Kh7 45. Qe4+ Qg6 46. Qe2 Qe6 47. Qf3 Kg7 48. Qf4 Qf6 49. Qd2 Qc6 50. Qd4+ Kg6 51. a3 a5 52. Qg4+ Kf6 53. Qf4+ Ke7 54. Qe5+ Kd7 55. Qd4+ Kc7 56. Qa7+ Kd6 57. Qxa5 Qc5 58. Qd2+ Kc6 59. Qxh6+ Kb7 60. Qd2 Kb6 61. Qf4 Qh5+ 62. Kg1 Qd1+ 63. Kg2 Qd5+ 64. Qf3 Qe5 65. Qe3+ Qxe3 66. fxe3 Ka5 67. Kf3 Ka4 68. e4 Kb3 69. e5 Kxb2 70. Kf4 c3 71. Kf5 c2 72. Kf6 c1=Q 73. Kxf7 Qf1+ 74. Kg6 Kxa3 75. e6 b4 76. e7 Qe2 77. Kf7 b3 78. e8=Q Qxe8+ 79. Kxe8 b2 0-1


[Site "https://www.chess.com"]

[Event "Titled Tuesday Blitz November 08 Early 2022"]
[White "Yeremyan, Alen"]
[Black "Tang, Andrew"]
[WhiteFideId "13308998"]
[BlackFideId "2059630"]
[WhiteElo "2159"]
[BlackElo "2581"]
[Result "0-1"]
[Round "03"]
[TimeControl "180+1"]
[Date "2022.11.08"]
[WhiteClock "0:00:17"]
[BlackClock "0:00:11"]

1. g3 d5 2. Bg2 c6 3. c4 d4 4. d3 g6 5. Nf3 Bg7 6. O-O Nh6 7. b4 O-O 8. Bb2 e5 9. a4 Re8 10. Nbd2 a5 11. bxa5 Qxa5 12. Nb3 Qc7 13. a5 Na6 14. Nfd2 Bg4 15. h3 Bd7 16. Ne4 Nf5 17. Nec5 Bc8 18. Qd2 Bh6 19. Nxa6 Rxa6 20. Qb4 Bf8 21. c5 h5 22. Nd2 Be6 23. Ra3 Rea8 24. Rfa1 h4 25. g4 Ne7 26. Nc4 Nd5 27. Bxd5 cxd5 28. Nd6 Bxd6 29. cxd6 Rxd6 30. Rc1 Qd7 31. Rb3 Bxg4 32. hxg4 Qxg4+ 33. Kf1 h3 34. Ke1 h2 35. Kd2 Qf4+ 36. Kc2 Rc6+ 37. Kb1 Rxc1+ 38. Bxc1 h1=Q 0-1


[Site "https://www.chess.com"]

[Event "Titled Tuesday Blitz November 08 Early 2022"]
[White "Yurovskykh, Oleksandr"]
[Black "Sibilio, Mario"]
[WhiteFideId "14134020"]
[BlackFideId "800422"]
[WhiteElo "2265"]
[BlackElo "2251"]
[Result "1-0"]
[Round "03"]
[TimeControl "180+1"]
[Date "2022.11.09"]
[WhiteClock "0:00:15"]
[BlackClock "0:00:01"]

1. d4 d6 2. Nf3 g6 3. e4 Nf6 4. Nbd2 Bg7 5. Bb5+ Nfd7 6. O-O O-O 7. Re1 c5 8. c3 a6 9. Bf1 cxd4 10. cxd4 Nc6 11. Nb3 b5 12. d5 Nce5 13. Nfd4 Bb7 14. Bg5 h6 15. Bh4 Rc8 16. Rc1 Nc4 17. Bxc4 bxc4 18. Na1 Qb6 19. Nac2 Rfe8 20. Rb1 Ne5 21. f3 Nd3 22. Bf2 e6 23. dxe6 fxe6 24. Rf1 d5 25. exd5 exd5 26. Qd2 Nxf2 27. Qxf2 Re7 28. Rfe1 Rce8 29. Rxe7 Rxe7 30. Kf1 Bc8 31. g4 a5 32. h3 c3 33. b3 Ba6+ 34. Kg1 Bd3 35. Rd1 Bxc2 36. Nxc2 d4 37. Re1 Rxe1+ 38. Nxe1 Qd6 39. Nd3 g5 40. f4 1-0


[Site "https://www.chess.com"]

[Event "Titled Tuesday Blitz November 08 Early 2022"]
[White "Zacurdajev, Dmitry"]
[Black "Samaganova, Aleksandra"]
[WhiteFideId "4196309"]
[BlackFideId "13800221"]
[WhiteElo "2179"]
[BlackElo "1864"]
[Result "1-0"]
[Round "03"]
[TimeControl "180+1"]
[Date "2022.11.09"]
[WhiteClock "0:00:05"]
[BlackClock "0:00:11"]

1. d4 Nf6 2. c4 e6 3. Nc3 Bb4 4. Qc2 c5 5. e3 O-O 6. a3 Bxc3+ 7. Qxc3 cxd4 8. exd4 d5 9. Nf3 Nc6 10. Bg5 h6 11. Bh4 g5 12. Bg3 Ne4 13. Qc2 f5 14. Be5 g4 15. Nd2 Nxe5 16. Nxe4 dxe4 17. dxe5 Qa5+ 18. Qd2 Qxe5 19. Qxh6 Qxb2 20. Rd1 Qc3+ 21. Qd2 Qg7 22. f3 b6 23. fxe4 Bb7 24. Bd3 Rad8 25. Qe2 Qc3+ 26. Rd2 Qa1+ 27. Rd1 Qd4 28. exf5 exf5 29. Qe6+ Kg7 30. Qe7+ Rf7 31. Qg5+ Kf8 32. Qh6+ Qg7 33. Qxg7+ Kxg7 34. O-O Rfd7 35. Be2 Rxd1 36. Bxd1 Be4 37. Bb3 Rd3 38. Ba4 Rxa3 39. Bd7 Kf6 40. Rd1 Ke5 41. Bb5 Rc3 42. Rd8 Rc2 43. Re8+ Kf4 44. g3+ Kf3 45. h4 Kxg3 46. Kf1 Rc1+ 47. Ke2 Rc2+ 48. Ke3 Rc3+ 49. Kd4 Rd3+ 50. Ke5 Kxh4 51. c5 Kg3 52. Bxd3 Bxd3 53. c6 Bb5 54. c7 Ba6 55. Kxf5 Kg2 56. Rg8 g3 57. Kf4 Bb7 58. Rxg3+ Kf2 59. Rg8 Ke2 60. c8=Q Bxc8 61. Rxc8 b5 62. Ra8 b4 63. Rxa7 b3 64. Rb7 Kd2 65. Rxb3 1-0


[Site "https://www.chess.com"]

[Event "Titled Tuesday Blitz November 08 Early 2022"]
[White "Zainullina, Nataliya"]
[Black "Todorovic, Bojan"]
[WhiteFideId "4145488"]
[BlackFideId "917087"]
[WhiteElo "2069"]
[BlackElo "2266"]
[Result "1-0"]
[Round "03"]
[TimeControl "180+1"]
[Date "2022.11.09"]
[WhiteClock "0:00:27"]
[BlackClock "0:01:12"]

1. Nf3 Nf6 2. c4 g6 3. b4 Bg7 4. Bb2 O-O 5. e3 d6 6. Be2 e5 7. d3 Nbd7 8. O-O Re8 9. Nc3 Nf8 10. a4 h5 11. a5 N8h7 12. Qb3 g5 13. b5 Nd7 14. Ba3 Nc5 15. Bxc5 dxc5 16. b6 axb6 17. axb6 Rxa1 18. Rxa1 c6 19. Nd2 Bg4 20. Bxg4 hxg4 21. Ra7 Qxd3 22. Nf1 e4 23. Rxb7 Qxc3 24. Qa4 Rd8 25. Qxc6 Rd1 26. Qe8+ Nf8 27. Qxf7+ Kh8 28. Qh5+ Nh7 29. Rb8+ Bf8 30. Rxf8+ Kg7 31. Rf7+ Kg8 32. Qxh7# 1-0


[Site "https://www.chess.com"]

[Event "Titled Tuesday Blitz November 08 Early 2022"]
[White "Zaksaite, Salomeja"]
[Black "Aizpurua, Patrick Emilio"]
[WhiteFideId "12801496"]
[BlackFideId "6600522"]
[WhiteElo "2079"]
[BlackElo "2378"]
[Result "1-0"]
[Round "03"]
[TimeControl "180+1"]
[Date "2022.11.09"]
[WhiteClock "0:00:17"]
[BlackClock "0:00:15"]

1. e4 e6 2. d4 d5 3. Bd3 Nf6 4. e5 Nfd7 5. c3 c5 6. Ne2 Be7 7. O-O Nc6 8. Nd2 cxd4 9. cxd4 O-O 10. f4 Qb6 11. Nf3 f6 12. Qc2 fxe5 13. Bxh7+ Kh8 14. fxe5 Ndxe5 15. Nxe5 Nxe5 16. Rxf8+ Bxf8 17. Bf4 Nd7 18. Rf1 Nf6 19. Bg6 Bd7 20. Be5 Be7 21. Qd3 Rc8 22. Qh3+ Kg8 23. Bxf6 Bxf6 24. Qh7+ Kf8 25. Rxf6+ Ke7 26. Qxg7+ Kd6 27. Rf7 1-0


[Site "https://www.chess.com"]

[Event "Titled Tuesday Blitz November 08 Early 2022"]
[White "Zaragatski, Ilja"]
[Black "Mosadeghpour, Masoud"]
[WhiteFideId "4655192"]
[BlackFideId "12519278"]
[WhiteElo "2460"]
[BlackElo "2393"]
[Result "0-1"]
[Round "03"]
[TimeControl "180+1"]
[Date "2022.11.09"]
[WhiteClock "0:00:02"]
[BlackClock "0:01:20"]

1. Nf3 Nf6 2. g3 g6 3. b3 Bg7 4. Bb2 O-O 5. Bg2 d5 6. c4 Nc6 7. cxd5 Nxd5 8. Bxg7 Kxg7 9. O-O Qd6 10. Qc2 Bf5 11. d3 Bg4 12. Qb2+ Qf6 13. Qxf6+ Nxf6 14. Nbd2 Rfd8 15. Rac1 Rac8 16. h3 Bf5 17. a3 e5 18. Rc5 Nd7 19. Rc2 Nb6 20. Rfc1 f6 21. Kf1 a5 22. Nc4 Nxc4 23. bxc4 e4 24. dxe4 Bxe4 25. Rb2 b6 26. c5 Ne7 27. Ne1 Bxg2+ 28. Kxg2 Kf7 29. Nd3 Nd5 30. cxb6 cxb6 31. Rxc8 Rxc8 32. e4 Nc3 33. Rxb6 Nxe4 34. Rb7+ Kg8 35. Kf3 f5 36. Ke3 Rc3 37. a4 Nc5 38. Rb8+ Kf7 39. Rc8 Rxd3+ 40. Ke2 Rd5 0-1


[Site "https://www.chess.com"]

[Event "Titled Tuesday Blitz November 08 Early 2022"]
[White "Zemlyanskii, Ivan"]
[Black "Bagwe Gaurang"]
[WhiteFideId "24249971"]
[BlackFideId "45039895"]
[WhiteElo "2107"]
[BlackElo "1847"]
[Result "0-1"]
[Round "03"]
[TimeControl "180+1"]
[Date "2022.11.09"]
[WhiteClock "0:00:01"]
[BlackClock "0:00:27"]

1. d4 d5 2. c4 c6 3. Nf3 Nf6 4. Nc3 dxc4 5. a4 Bf5 6. Ne5 e6 7. Nxc4 Bb4 8. f3 O-O 9. Kf2 e5 10. Nxe5 c5 11. Na2 Bc2 12. Qxc2 Qxd4+ 13. e3 Qxe5 14. Nxb4 cxb4 15. Bd3 Nc6 16. Qe2 Rfe8 17. Bd2 Rad8 18. Rhd1 Qxh2 19. Be1 Ne5 20. Bb5 Rf8 21. Bxb4 Qh4+ 22. Kg1 Qxb4 23. f4 Neg4 24. Bd3 Qc5 25. Re1 Rfe8 26. Qf1 Nxe3 0-1


[Site "https://www.chess.com"]

[Event "Titled Tuesday Blitz November 08 Early 2022"]
[White "Zhigalko, Sergei"]
[Black "Boyer, Mahel"]
[WhiteFideId "13502956"]
[BlackFideId "45102422"]
[WhiteElo "2662"]
[BlackElo "2454"]
[Result "1-0"]
[Round "03"]
[TimeControl "180+1"]
[Date "2022.11.09"]
[WhiteClock "0:00:03"]
[BlackClock "0:00:10"]

1. e4 Nc6 2. Nf3 d5 3. exd5 Qxd5 4. Nc3 Qh5 5. Be2 Bg4 6. h3 O-O-O 7. Ne4 Bxf3 8. Bxf3 Qg6 9. O-O Nf6 10. Nxf6 Qxf6 11. Re1 Nd4 12. Be4 e5 13. d3 Bc5 14. Be3 h5 15. b4 Bb6 16. a4 Ne6 17. Bxb6 cxb6 18. a5 b5 19. a6 b6 20. Qd2 Kb8 21. Bf3 Ng5 22. Be2 Rhe8 23. Qe3 Rd4 24. Bxh5 Re6 25. c3 Rf4 26. Bg4 Re7 27. Rad1 Qd6 28. d4 e4 29. Qg3 Rf6 30. Rf1 Qxg3 31. fxg3 Rxf1+ 32. Kxf1 g6 33. h4 Nh7 34. Bh3 f5 35. g4 Nf6 36. gxf5 gxf5 37. Bxf5 Nd5 38. Re1 e3 39. g4 Nxc3 40. h5 e2+ 41. Kf2 Kc7 42. h6 Kd6 43. h7 Re8 44. Bd3 Rf8+ 45. Kg3 Rh8 46. g5 Ke7 47. Bxe2 Kf7 48. Bd3 Nd5 49. g6+ Kg7 50. Rf1 Nf6 51. Rc1 Nh5+ 52. Kg4 Nf6+ 53. Kg5 Ne8 54. Rf1 Nd6 55. Re1 Nc8 56. d5 Rf8 57. Re2 Rd8 58. Be4 Nd6 59. Bf3 Rd7 60. Rc2 Re7 61. Bg4 Re5+ 62. Kf4 Rxd5 63. Rc7+ Kh8 64. Rxa7 Ne8 65. Bf5 Rd8 66. Rb7 Ng7 67. a7 Re8 68. Rb8 Nh5+ 69. Kg5 Ng7 70. Rxe8+ Nxe8 71. a8=Q Kg7 72. Kg4 Nf6+ 73. Kg3 Nd5 74. Qxd5 Kh6 75. Kg2 Kg5 76. Qxb5 Kf4 77. Qxb6 Kg5 78. Bc8 Kh4 79. Qf2+ Kg5 80. Qg3+ Kh6 81. h8=Q# 1-0


[Site "https://www.chess.com"]

[Event "Titled Tuesday Blitz November 08 Early 2022"]
[White "Aaditya Dhingra"]
[Black "Barash, Anton"]
[WhiteFideId "25678191"]
[BlackFideId "30935229"]
[WhiteElo "2054"]
[BlackElo "2252"]
[Result "0-1"]
[Round "04"]
[TimeControl "180+1"]
[Date "2022.11.09"]
[WhiteClock "0:00:05"]
[BlackClock "0:00:20"]

1. e4 e6 2. d4 d5 3. Nd2 Nc6 4. Ngf3 Nf6 5. e5 Nd7 6. Bb5 a6 7. Bxc6 bxc6 8. Nb3 c5 9. c3 cxd4 10. cxd4 c5 11. dxc5 Nxc5 12. Bg5 Qb6 13. Be3 Qb4+ 14. Qd2 Nxb3 15. axb3 Qxb3 16. O-O Bb4 17. Qe2 O-O 18. Rfc1 Be7 19. Nd4 Qb7 20. Rc3 Bd7 21. Qg4 Rfc8 22. Bh6 g6 23. Rb3 Qc7 24. Nf3 Bf8 25. Qh4 Bg7 26. Bxg7 Qc1+ 27. Ne1 Qxa1 28. Re3 Rc1 29. Kf1 Bb5+ 0-1


[Site "https://www.chess.com"]

[Event "Titled Tuesday Blitz November 08 Early 2022"]
[White "Adewumi, Tanitoluwa"]
[Black "Samunenkov, Ihor"]
[WhiteFideId "30966396"]
[BlackFideId "14187086"]
[WhiteElo "2551"]
[BlackElo "2803"]
[Result "1-0"]
[Round "04"]
[TimeControl "180+1"]
[Date "2022.11.09"]
[WhiteClock "0:00:10"]
[BlackClock "0:00:02"]

1. e4 c5 2. Nf3 Nc6 3. Bb5 Nf6 4. e5 Nd5 5. O-O Nc7 6. Bxc6 dxc6 7. d3 Bg4 8. h3 Bxf3 9. Qxf3 e6 10. Nc3 Be7 11. Ne4 O-O 12. Qg3 Kh8 13. Bg5 Nd5 14. Bxe7 Qxe7 15. Rad1 Rad8 16. f4 Nb4 17. c3 Nd5 18. f5 exf5 19. Rxf5 Qe6 20. Rdf1 Ne7 21. Rh5 Qg6 22. Qh4 Nd5 23. Ng5 h6 24. Nxf7+ Kh7 25. Nxd8 Rxf1+ 26. Kxf1 Qxd3+ 27. Kg1 Qb1+ 28. Kh2 Ne3 29. Qf4 Nf1+ 30. Kg1 Ng3+ 31. Kh2 Nf1+ 32. Kg1 Ng3+ 33. Kf2 Nxh5 34. Qg4 Qc2+ 35. Kg1 Qc1+ 36. Kh2 Nf4 37. Qf5+ Ng6 38. Ne6 1-0


[Site "https://www.chess.com"]

[Event "Titled Tuesday Blitz November 08 Early 2022"]
[White "Adnan, Habib"]
[Black "Lucas, Arthur"]
[WhiteFideId "11202270"]
[BlackFideId "26093073"]
[WhiteElo "2110"]
[BlackElo "2251"]
[Result "0-1"]
[Round "04"]
[TimeControl "180+1"]
[Date "2022.11.09"]
[WhiteClock "0:00:48"]
[BlackClock "0:01:20"]

1. d4 d5 2. c4 dxc4 3. e3 Nf6 4. Bxc4 e6 5. Nf3 c5 6. O-O a6 7. Bb3 cxd4 8. exd4 Nc6 9. Nc3 Be7 10. Bg5 h6 11. Bh4 O-O 12. Qd2 Re8 13. Rad1 Nd5 14. Bg3 Bf6 15. Ne4 Be7 16. Rc1 Bd7 17. Nd6 Bxd6 18. Bxd6 Rc8 19. Bc2 Nce7 20. Rfe1 Bc6 21. Ba3 b5 22. Bc5 Bb7 23. Bb1 Nf6 24. Ne5 Nc6 0-1


[Site "https://www.chess.com"]

[Event "Titled Tuesday Blitz November 08 Early 2022"]
[White "Ahn, Hongjin"]
[Black "Khaliun, Batnasan"]
[WhiteFideId "13201492"]
[BlackFideId "4906276"]
[WhiteElo "2182"]
[BlackElo "1752"]
[Result "0-1"]
[Round "04"]
[TimeControl "180+1"]
[Date "2022.11.09"]
[WhiteClock "0:00:04"]
[BlackClock "0:00:16"]

1. e4 c5 2. Nc3 Nc6 3. Nf3 d6 4. d4 cxd4 5. Nxd4 e5 6. Nb3 Nf6 7. Bg5 Be7 8. Bc4 O-O 9. O-O Be6 10. Qe2 a6 11. Rad1 Qc7 12. Bxe6 fxe6 13. Qc4 Qc8 14. a4 h6 15. Bh4 Kh8 16. Rd3 Rb8 17. Rh3 Nd4 18. Qd3 Nxb3 19. cxb3 Qc5 20. Bg3 Rbc8 21. Kh1 Qd4 22. Qe2 Qb4 23. f4 exf4 24. Bxf4 Nh7 25. Rhf3 Qc5 26. Be3 Qe5 27. Qd3 Rxf3 28. gxf3 Bg5 29. Bd4 Qa5 0-1


[Site "https://www.chess.com"]

[Event "Titled Tuesday Blitz November 08 Early 2022"]
[White "Aizpurua, Patrick Emilio"]
[Black "Prydun, Andriy"]
[WhiteFideId "6600522"]
[BlackFideId "14145898"]
[WhiteElo "2378"]
[BlackElo "2163"]
[Result "0-1"]
[Round "04"]
[TimeControl "180+1"]
[Date "2022.11.09"]
[WhiteClock "0:00:02"]
[BlackClock "0:00:39"]

1. d4 Nf6 2. c4 c5 3. d5 e5 4. Nc3 d6 5. e4 Nbd7 6. Nge2 Be7 7. Ng3 h5 8. Nf5 Bf8 9. Bg5 g6 10. Ne3 a6 11. Be2 Bg7 12. O-O O-O 13. a3 Rb8 14. b4 b6 15. Qd2 Qc7 16. Bh4 Bh6 17. h3 Nh7 18. Rac1 f6 19. Bg3 Rf7 20. Qd1 Bb7 21. b5 a5 22. Rc2 Kh8 23. Bxh5 Rg8 24. Bg4 Bc8 25. Be6 Ndf8 26. Bxf7 Qxf7 27. Ng4 Bg7 28. Qf3 f5 29. exf5 gxf5 30. Nh2 Ng5 31. Qe2 Ng6 32. Qh5+ Nh7 33. f4 e4 34. Ne2 Bd4+ 35. Nxd4 cxd4 36. Bf2 Qg7 37. Kh1 d3 38. Rd2 Nxf4 39. Bd4 Nxh5 40. Bxg7+ Rxg7 41. Kg1 f4 42. Ng4 Bf5 43. Kh2 e3 44. Ra2 Be4 45. Rg1 Ng3 46. Nf6 Nxf6 0-1


[Site "https://www.chess.com"]

[Event "Titled Tuesday Blitz November 08 Early 2022"]
[White "Akbas, Umut Ata"]
[Black "Garcia Ramos, Daniel"]
[WhiteFideId "44572646"]
[BlackFideId "32010311"]
[WhiteElo "2812"]
[BlackElo "2556"]
[Result "0-1"]
[Round "04"]
[TimeControl "180+1"]
[Date "2022.11.09"]
[WhiteClock "0:01:15"]
[BlackClock "0:00:09"]

1. c4 e6 2. b3 d5 3. Bb2 Nf6 4. Nf3 Bd6 5. g3 O-O 6. Bg2 Qe7 7. O-O dxc4 8. bxc4 e5 9. d3 c5 10. Nc3 Nc6 11. Ng5 Bg4 12. h3 Bh5 13. Qd2 Qd7 14. e3 Rfd8 15. g4 Bg6 16. Rad1 Be7 17. Nge4 Nxe4 18. Nxe4 Nb4 19. Bxe5 Qxd3 20. Qb2 Qxd1 21. Rxd1 Rxd1+ 22. Kh2 f6 23. Bc3 Rad8 24. a3 Nd3 25. Qxb7 Bf8 26. Nxf6+ Kh8 27. Qc7 Bd6+ 28. Qxd6 Rxd6 29. Nd5 Nxf2 30. Be5 Rd8 31. Nf4 Be4 32. Nh5 Bxg2 33. Kxg2 Ne4 34. Bxg7+ Kg8 35. Be5 Rf8 36. Bf4 Rd2+ 37. Kf3 Ng5+ 38. Kg3 h6 39. h4 Ne4+ 40. Kf3 Re8 41. g5 hxg5 42. hxg5 Kf7 43. Kg4 Kg6 44. Bg3 Nxg3 45. Nf4+ Kg7 46. Kxg3 Rxe3+ 47. Kg4 Rd4 48. Kf5 Rf3 49. Ke5 Rfxf4 50. Ke6 Rfe4+ 51. Kf5 Rxc4 52. a4 Rxa4 53. g6 Red4 54. Ke6 Re4+ 55. Kd5 Rg4 56. Kc6 Rxg6+ 57. Kb5 Rf4 58. Ka5 c4 59. Kb4 c3+ 60. Kxc3 Rg3+ 61. Kd2 Rf2+ 62. Ke1 Ra2 63. Kf1 Rb3 64. Ke1 Rb1# 0-1


[Site "https://www.chess.com"]